 Dungeon Crawl Stone Soup version 0.27.1-34-g3ba077fa99 (webtiles) character file.

Game seed: 14040604379708944927

28 cbfl8 the Chucker (level 3, 0/37 HPs)
             Began as an Ogre Hunter on Jan 13, 2022.
             Slain by a hobgoblin (4 damage)
             ... on level 2 of the Dungeon.
             The game lasted 00:03:39 (1821 turns).

cbfl8 the Chucker (Ogre Hunter)                     Turns: 1821, Time: 00:03:39

Health: 0/37       AC:  3    Str: 16    XL:     3   Next: 14%
Magic:  3/3        EV: 10    Int: 12    God:
Gold:   63         SH:  0    Dex: 10    Spells: 2/2 levels left

rFire    . . .     SeeInvis .   a - +0 short sword
rCold    . . .     Faith    .   (no shield)
rNeg     . . .     Spirit   .   b - +0 robe
rPois    .         Reflect  .   (helmet restricted)
rElec    .         Harm     .   (no cloak)
rCorr    .         Rampage  .   (gloves unavailable)
Will     .....                  (boots unavailable)
Stlth    +.........             g - amulet of magic regeneration
HPRegen  0.12/turn              (no ring)
MPRegen  0.33/turn              (no ring)

@: no status effects
A: large, unfitting armour, tough skin 1
a: no special abilities


You were on level 2 of the Dungeon.
You visited 1 branch of the dungeon, and saw 2 of its levels.

You collected 63 gold pieces.

Inventory:

Hand Weapons
 a - a +0 short sword (weapon)
 e - a +0 spear
 l - a +0 dagger
Missiles
 c - 5 large rocks (quivered)
 d - 2 throwing nets
 h - 37 stones
 m - 16 sling bullets
Armour
 b - a +0 robe (worn)
 f - a +0 leather armour
 n - a +0 buckler
Jewellery
 g - an amulet of magic regeneration (around neck)
Scrolls
 i - 2 scrolls of identify {unknown}
Potions
 j - a potion of lignification {unknown}
 k - a potion of haste {unknown}


   Skills:
 + Level 3.0 Fighting
 + Level 0.2 Short Blades
 + Level 0.3 Polearms
 + Level 4.6 Throwing
 + Level 2.0 Dodging
 + Level 0.7 Stealth


You had 2 spell levels left.
You didn't know any spells.
Your spell library contained the following spells:

 Spells                   Type           Power      Damage    Failure   Level
 Tukima's Dance           Hex            0%         N/A       69%         3
 Passage of Golubria      Tloc           N/A        N/A       97%         4
 Yara's Violent Unravell  Hex/Tmut       0%         3d3       100%        5


Dungeon Overview and Level Annotations

Branches:
Dungeon (2/15)

Altars:


Innate Abilities, Weirdness & Mutations

You are too large for most types of armour.
You have tough skin. (AC +1)


Message History

You hit the quokka.
You kill the quokka!
The dart slug bites you.
An endoplasm comes into view.
The dart slug launches a dart at you. The slug dart misses you.
The dart slug launches a dart at you. The slug dart hits you.
* * * LOW HITPOINT WARNING * * *
The endoplasm quivers.
You hit the dart slug.
The dart slug is lightly wounded.
The dart slug bites you but does no damage.
You hit the dart slug but do no damage.
The dart slug is lightly wounded.
The hobgoblin barely misses you. The dart slug launches a dart at you.
The slug dart misses you.
You hit the dart slug.
The dart slug is moderately wounded.
The hobgoblin barely misses you.
You hit the dart slug.
The dart slug is heavily wounded.
The dart slug closely misses you. The hobgoblin hits you.
* * * LOW HITPOINT WARNING * * *
You hit the dart slug.
The dart slug is almost dead.
The hobgoblin misses you. The dart slug launches a dart at you.
The slug dart misses you.
You hit the dart slug but do no damage.
The dart slug is almost dead.
The hobgoblin hits you.
* * * LOW HITPOINT WARNING * * *
The endoplasm hits you.
* * * LOW HITPOINT WARNING * * *
You hit the dart slug.
The dart slug is almost dead.
The dart slug closely misses you. The hobgoblin hits you.
You die...

#......!#.#.........
##.......#.#...?.....
.....................
...............>.....
..[......#.##........
#.......#.##........
#.......#...^.......
###.#.#w#..#.##.####
#.###.@J....# .# #.#
##.g....# .# ##
#.##..### #.# .....
.(. ....... ...
#.....# #... #.##..
##. .# ## ## .#


You could see a dart slug, an endoplasm and a hobgoblin.

Vanquished Creatures
  A gnoll (D:1)
  A dart slug (D:1)
  3 ball pythons
  4 hobgoblins (D:1)
  2 quokkas
  3 bats
  2 frilled lizards (D:1)
  2 rats (D:1)
18 creatures vanquished.

Notes
Turn   | Place    | Note
-------+----------+-------------------------------------------
     0 | D:1      | cbfl8 the Ogre Hunter began the quest for the Orb.
     0 | D:1      | Reached XP level 1. HP: 22/22 MP: 1/1
    62 | D:1      | Reached XP level 2. HP: 11/29 MP: 2/2
    67 | D:1      | HP: 1/29 [hobgoblin (3)]
  1383 | D:1      | Reached XP level 3. HP: 27/36 MP: 3/3
  1821 | D:2      | Slain by a hobgoblin

Illustrated notes

Levels and vault maps discovered:
D:1:      dpeg_arrival_erosion, layout_loops_ring
D:2:      layout_loops_cross, chequers_ecumenical_altar_lobes,
          uniq_crazy_yiuf_cottage, uniq_sigmund

Skill      XL: |  1  2  3 |
---------------+----------+-----
Fighting       | 3 |  3.0
Dodging        | 2 |  2.0
Short Blades   | |  0.2
Polearms       | |  0.3
Throwing       | |  4.6
Stealth        | |  0.7

Action                   || total
-------------------------++-------
Melee: Short sword       ||    44
       Spear             ||    61
Armor: Robe              ||    63
Dodge: Dodged            ||   147
